 Dungeon Crawl Stone Soup version 0.31.0-12-g77e489cdc1 (webtiles) character file.

Game seed: 17656723382900957162

2950 CrazyMind the Thaumaturge (level 9, -4/47 HPs)
             Began as a Deep Elf Conjurer on Feb 27, 2024.
             Slain by a hornet (13 damage)
             ... on level 9 of the Dungeon on Mar 3, 2024.
             The game lasted 00:50:45 (7834 turns).

CrazyMind the Thaumaturge (Deep Elf Conjurer)       Turns: 7834, Time: 00:50:45

Health: -4/47      AC:  5    Str:  6    XL:     9   Next: 51%
Magic:  14/25      EV: 18    Int: 26    God:
Gold:   529        SH:  0    Dex: 13    Spells: 18/29 levels left

rFire   . . .        k - +3 dagger (venom)
rCold   . . .        (no shield)
rNeg    . . .        v - +2 robe {Will+}
rPois   .            (helmet restricted)
rElec   .            (no cloak)
rCorr   .            g - +0 pair of gloves {infuse}
SInv    .            (no boots)
Will    +....        p - amulet of magic regeneration
Stlth   +++          t - +5 ring of evasion
HPRegen 0.27/turn    y - ring of wizardry
MPRegen 0.59/turn

%: wizardry (x1), infuse magic (1 MP)
@: about to teleport, slowed, invisible, very slow
A: antennae 1, sense surroundings 1, subdued magic 1
a: no special abilities


You were on level 9 of the Dungeon.
You visited 1 branch of the dungeon, and saw 7 of its levels.

You collected 529 gold pieces.

Inventory:

Hand Weapons
 k - a +3 dagger of venom (weapon)
 u - a +0 club
 z - the +10 falchion "Ciuvynkalol" {drain, Str+4}
   (You found it on level 4 of the Dungeon)

   Str+4:     It affects your strength (+4).
Missiles
 r - a throwing net
 E - 5 boomerangs
Armour
 c - a +0 leather armour
 g - a +0 pair of gloves of infusion (worn)
 v - a +2 robe of willpower (worn)
Jewellery
 j - a ring of poison resistance
 p - an amulet of magic regeneration (around neck)
 t - a +5 ring of evasion (left hand)
 y - a ring of wizardry (right hand)
 B - a ring of fire
Wands
 m - a wand of light (11)
 F - a wand of polymorph (6)
Scrolls
 e - a scroll of summoning
 l - 3 scrolls of teleportation
 o - a scroll of torment
 q - 2 scrolls of poison
 w - a scroll of enchant armour
Potions
 a - a potion of cancellation {unknown}
 b - a potion of berserk rage {unknown}
 d - a potion of invisibility
 h - 3 potions of mutation
 i - a potion of heal wounds
 n - a potion of attraction {unknown}
 s - 2 potions of enlightenment {unknown}
 A - a potion of might {unknown}


   Skills:
 + Level 1.0 Fighting
 + Level 1.3 Short Blades
 + Level 4.3 Dodging
 + Level 6.5 Stealth
 * Level 10.9 Spellcasting
 * Level 10.2 Conjurations
 + Level 0.9 Translocations
 + Level 1.0 Alchemy


You had 18 spell levels left.
You knew the following spells:

 Your Spells              Type           Power      Damage    Failure   Level
a - Magic Dart            Conj           100%       1d8       1%          1
b - Searing Ray           Conj           100%       2d8       1%          2
d - Iskenderun's Mystic   Conj/Tloc      33%        2d8       1%          4
f - Fulminant Prism       Conj/Alch      16%        3d10      1%          4

Your spell library contained the following spells:

 Spells                   Type           Power      Damage    Failure   Level
 Sandblast                Erth           20%        2d7       1%          1
 Slow                     Hex            40%        N/A       1%          1
 Cigotuvi's Dreadful Rot  Necr/Alch/Air  24%        N/A       1%          2
 Dazzling Flash           Conj/Hex       62%        N/A       1%          3
 Mephitic Cloud           Conj/Alch/Air  26%        N/A       1%          3
 Stone Arrow              Conj/Erth      62%        3d10      1%          3
 Brom's Barrelling Bould  Conj/Erth      31%        2d5       1%          4
 Confusing Touch          Hex            10%        N/A       4%          3
 Passwall                 Erth           10%        N/A       4%          3
 Sigil of Binding         Hex            10%        N/A       4%          3
 Vampiric Draining        Necr           10%        2d6       4%          3
 Freezing Cloud           Conj/Ice/Air   12%        6-21      10%         5
 Ignite Poison            Fire/Alch      13%        N/A       12%         4
 Curse of Agony           Necr           10%        N/A       38%         5
 Silence                  Hex/Air        5%         N/A       38%         5


Dungeon Overview and Level Annotations

Branches:
Dungeon (6/15) Zot: 26849
 Temple: D:4-7

Altars:
Makhleb
Trog
Yredelemnul

Shops:
D:2 (

Annotations:
D:3 2 runed translucent doors, purpleHaze's ghost, amateur KoNe
D:6 1 transporter, 1 runed translucent door, Beaer's ghost, novice DgSh; Crazy Yiuf; Jeremiah


Innate Abilities, Weirdness & Mutations

You have a pair of small antennae on your head.
You passively map a small area around you.
Your spells are a little easier to cast, but a little less powerful.


Message History

* * * LOW HITPOINT WARNING * * *
The hornet barely misses you. The howler monkey hits you.
* * * LOW HITPOINT WARNING * * *
The bullfrog closely misses you.
You feel much better.
You feel sick. The hornet stings you!
You feel as though you will be slow longer.
The bullfrog hits you. The howler monkey misses you.
A hornet comes into view.
The hornet misses you. The bullfrog misses you. The howler monkey misses you.
The hornet barely misses you.
Unknown command.
Casting: Iskenderun's Mystic Blast (dangerous; 1% risk of failure)
Confirm with . or Enter, or press ? or * to list all spells.
You erupt in a blast of force!
The mystic blast hits the hornet.
The hornet is almost dead.
The hornet is knocked back by the mystic blast.
The mystic blast hits the howler monkey!
The howler monkey is heavily wounded.
The howler monkey is knocked back by the mystic blast.
The mystic blast hits the bullfrog!
The bullfrog is almost dead.
The bullfrog is knocked back by the mystic blast.
The hornet buzzes angrily.
You feel sick.
You fade into invisibility!
You feel sick. The bullfrog misses you. The bullfrog closely misses you.
Unknown command.
Okay, then.
Unknown command.
Unknown command.
Unknown command.
As you read the scroll of teleportation, it crumbles to dust.
You feel strangely unstable.
You feel sick.
You are no longer poisoned.
The bullfrog misses you. The hornet misses you.
The howler monkey completely misses you.
The bullfrog hits you.
* * * LOW HITPOINT WARNING * * *
The hornet stings you!
You die...

............ , ,, ....y..
#h.$......# * *
,.......*#..)......## *,
.....~. #..........## *
~......*#...†.......####.#
* , ~......
#..............>.# ~......
###...##.....##+##
.......####...##.....# , ,
#.......y@hy..##.....# ,
#...######F...##.....# +
,, #......##.....# , , ,,
* #.#....##.....## * , ,
#................
,###.############. , , * ,
#.# * * * ,, , *, #.. , ,*
* #### *


You could see 2 hornets, a bullfrog (unable to see you) and a howler monkey
(unable to see you).

Vanquished Creatures
  Pikel (D:4)
  Eustachio (D:6)
  An acid dragon (D:9)
  Duvessa (D:6)
  An ice beast (D:6)
  4 ogres
  2 phantoms
  2 scorpions
  Dowan (D:6)
  3 howler monkeys
  A bombardier beetle (D:5)
  8 hounds
  3 orc priests
  A gnoll bouda (D:4)
  A jelly (D:4)
  Terence (D:3)
  4 iguanas
  A sleepcap (D:5)
  Natasha (thrice) (D:3)
  5 orc wizards
  Robin (D:3)
  24 gnolls
  6 adders
  A white imp (D:6)
  3 dart slugs
  A ribbon worm (D:2)
  41 orcs
  4 endoplasms
  2 giant cockroaches (D:3)
  8 goblins
  7 hobgoblins
  21 jackals
  3 quokkas (D:1)
  6 ball pythons
  2 ball python zombies (D:3)
  6 bats
  5 frilled lizards
  10 kobolds
  4 rats
200 creatures vanquished.

Vanquished Creatures (others)
  A jelly (D:4)
  18 fulminant prisms
19 creatures vanquished.

Grand Total: 219 creatures vanquished

Notes
Turn   | Place    | Note
-------+----------+-------------------------------------------
     0 | D:1      | CrazyMind the Deep Elf Conjurer began the quest for the
                  | Orb.
     0 | D:1      | Reached XP level 1. HP: 10/10 MP: 6/6
   270 | D:1      | Reached XP level 2. HP: 15/15 MP: 8/8
   273 | D:1      | Learned a level 2 spell: Searing Ray
   553 | D:1      | Reached skill level 5 in Conjurations
  1032 | D:1      | Reached XP level 3. HP: 19/19 MP: 6/9
  2054 | D:2      | Found Igumeser's Weapon Boutique.
  2256 | D:3      | Found a large runed translucent door.
  2256 | D:3      | Found a large runed translucent door.
  2259 | D:3      | Reached XP level 4. HP: 24/24 MP: 8/10
  2296 | D:3      | Noticed Terence
  2720 | D:3      | Found a basalt altar of Yredelemnul.
  2878 | D:3      | Found a faded altar of an unknown god.
  3070 | D:3      | Noticed Natasha
  3101 | D:3      | Killed Natasha
  3102 | D:3      | Reached XP level 5. HP: 28/28 MP: 6/12
  3345 | D:3      | Reached skill level 5 in Spellcasting
  3345 | D:3      | Reached XP level 6. HP: 32/32 MP: 11/15
  3427 | D:3      | Gained mutation: Your spells are a little easier to cast,
                  | but a little less powerful. [potion of mutation]
  3427 | D:3      | Gained mutation: You passively map a small area around you.
                  | [potion of mutation]
  3427 | D:3      | Gained mutation: You have a pair of small antennae on your
                  | head. [potion of mutation]
  3624 | D:3      | Reached XP level 7. HP: 36/36 MP: 14/18
  3680 | D:3      | Noticed Robin
  3838 | D:3      | Reached skill level 1 in Short Blades
  3884 | D:3      | Noticed purpleHaze's ghost (amateur KoNe)
  4141 | D:3      | Killed Robin
  4628 | D:3      | Noticed Natasha
  4634 | D:3      | Killed Natasha
  4651 | D:3      | Noticed Natasha
  4655 | D:3      | Killed Natasha
  4827 | D:3      | Killed Terence
  4907 | D:4      | Found a burning altar of Makhleb.
  4999 | D:4      | Found a bloodstained altar of Trog.
  5009 | D:4      | Learned a level 4 spell: Iskenderun's Mystic Blast
  5014 | D:4      | Learned a level 4 spell: Fulminant Prism
  5149 | D:4      | Identified the +10 falchion "Ciuvynkalol" {drain, Str+4}
  5390 | D:4      | Reached skill level 5 in Stealth
  5529 | D:4      | Reached XP level 8. HP: 41/41 MP: 15/21
  5714 | D:5      | Entered Level 5 of the Dungeon
  5971 | D:5      | Noticed Pikel
  5995 | D:4      | Killed Pikel
  6443 | D:5      | Reached XP level 9. HP: 46/46 MP: 21/24
  7012 | D:6      | Found a transporter.
  7016 | D:6      | Noticed Beaer's ghost (novice DgSh)
  7017 | D:6      | Noticed Dowan
  7057 | D:6      | Reached skill level 1 in Fighting
  7057 | D:6      | Reached skill level 10 in Spellcasting
  7074 | D:6      | Noticed Eustachio
  7098 | D:6      | Noticed Jeremiah
  7287 | D:6      | Noticed Duvessa
  7313 | D:6      | Killed Duvessa
  7386 | D:6      | Killed Eustachio
  7387 | D:6      | Reached skill level 10 in Conjurations
  7429 | D:6      | Killed Dowan
  7634 | D:6      | Found a runed translucent door.
  7635 | D:6      | Noticed Crazy Yiuf
  7687 | D:6      | You fall into a shaft and drop 3 floors!
  7778 | D:9      | Reached skill level 1 in Alchemy
  7834 | D:9      | Slain by a hornet

Illustrated notes

Levels and vault maps discovered:
D:1:      mainiacjoe_arrival_reflecting_pool, layout_basic,
          amcnicky_mini_rare_corridor_liquid
D:2:      layout_basic, serial_shops, shop
D:3:      lemuel_castle_with_subvaults [lemuel_castle_interior_carwin_3],
          layout_rooms, lemuel_zombie_altar_yredelemnul,
          nicolae_ecumenical_oubliette, ebering_ghost_disaster_area,
          uniq_natasha, uniq_robin, uniq_terence
D:4:      layout_basic, amcnicky_altar_gilded, lemuel_tele_altar,
          grunt_ministairs_10, st_stairs_7, dreamdust_gnoll_farm
D:5:      layout_loops_ring, uniq_pikel
D:6:      layout_loops_cross, gammafunk_ghost_stat_death,
          nicolae_zig_zag_zippers, uniq_eustachio, uniq_duvessa, uniq_jeremiah,
          uniq_crazy_yiuf_cottage
D:9:      wander_river, layout_basic, lair_entry_dummy, eino_jars

Skill      XL: |  1  2  3  4  5  6  7  8  9 |
---------------+----------------------------+-----
Conjurations   | 5 6 7 8 9 10 | 10.2
Stealth        | 3 4 5 6 |  6.5
Spellcasting   | 5 6 7 9 10 | 10.9
Short Blades   | 1 |  1.3
Dodging        | 3 4 |  4.3
Fighting       | 1 |  1.0
Alchemy        | 1 |  1.0
Translocations | |  0.9

Action                     |  1- 3 |  4- 6 |  7- 9 || total
---------------------------+-------+-------+-------++-------
  Melee: Dagger            |    12 |     2 |    28 ||    42
         Punch             |       |       |     1 ||     1
   Cast: Magic Dart        |    29 |    79 |    50 ||   158
         Searing Ray       |    13 |    24 |    81 ||   118
         Iskenderun's Myst |       |       |    16 ||    16
         Fulminant Prism   |       |       |    18 ||    18
    Use: Potion            |       |     2 |     7 ||     9
         Scroll            |       |       |    12 ||    12
   Stab: Sleeping          |    12 |       |     6 ||    18
 Armour: Robe              |     8 |    10 |    81 ||    99
  Dodge: Dodged            |     8 |     8 |    99 ||   115
